AoeStats
← santyguasta

Arena

508695153Analyzed
1v1 RM · 8d ago on Sep 23, 2026· 41m 5s· 2 players
Game mode
Random Map
Map size
Tiny (2 player)
Population
200
Speed
Normal
Resources
Standard
Victory
Conquest
Starting age
Dark Age
Ending age
Imperial Age
RankedLock teamsTeams togetherTeam positionsShared explorationLock speedFull tech treeHidden civsTurbo modeCheats
Victory
Defeat
🇺🇸 Vikings · United States
558
+15
🇦🇷 Bengalis · Argentina
535
-23
santyguasta
10:36 Feudal Age
12:25 Double-Bit Axe
12:23 Horse Collar
14:33 Gold Mining
16:12 Wheelbarrow
16:03 Stone Mining
18:21 Town Watch
24:20 Castle Age
25:58 Bow Saw
27:21 Heavy Plow
29:19 Hand Cart
33:02 Town Patrol
38:52 Scale Barding Armor
38:48 Scale Mail Armor
38:58 Forging
Nay405
0:40 Loom
11:15 Feudal Age
12:12 Horse Collar
12:54 Double-Bit Axe
19:33 Castle Age
17:47 Gold Mining
20:51 Bow Saw
21:36 Heavy Plow
24:56 Gold Shaft Mining
29:18 Stone Mining
30:20 Squires
30:06 Arson
30:19 Treadmill Crane
33:16 Imperial Age
31:15 Scale Mail Armor
31:25 Forging
33:00 Chain Mail Armor
33:22 Iron Casting
33:37 Elite Varangian Guard
33:43 Capped Ram
34:58 Fortified Wall
36:18 Two-Man Saw
35:20 Siege Ram
37:28 Plate Mail Armor
37:58 Blast Furnace
38:52 Heavy Scorpion
40:14 Elite Berserk
Connection lost

Rejoining the realm…

Still unreachable

The connection could not be restored.

Session expired

The server has moved on; the page needs a fresh start.